Map: 2000 Atmospheres LE

Players

TLHarstem (Harstem)

  • Race: Protoss Protoss
  • League: Master

Serral - Winner!

  • Race: Zerg Zerg
  • League: Master

Event: DreamHack SC2 Masters 2021 Summer

VOD

Have the link to the VOD?

Description

Time

  • Played on: May 21, 2021, 1:10 p.m.
  • Length: 12:58

All games in this series

Show
View Real Time Build Order
Export as new Build Order

TLHarstem Protoss 

Build Orders: 1 Gate Expand, Mass Adepts 

Get SALT Encoding   

  12  0:00  Probe  
  13  0:12  Probe  
  14  0:19  Pylon  
  14  0:24  Probe  
  15  0:37  Probe (Chrono Boost)  
  15  0:40  Gateway  
  16  0:47  Probe (Chrono Boost)  
  16  0:49  Assimilator  
  17  0:52  Probe (Chrono Boost)  
  18  1:03  Probe  
  19  1:16  Probe  
  20  1:27  Nexus  
  20  1:36  Cybernetics Core  
  20  1:39  Probe  
  21  1:46  Assimilator  
  21  1:51  Probe  
  22  1:57  Pylon  
  22  2:03  Probe  
  23  2:13  Warp Gate, Adept (Chrono Boost)  
  25  2:15  Probe  
  26  2:28  Probe  
  26  2:29  Twilight Council  
  27  2:33  Adept (Chrono Boost)  
  29  2:40  Probe  
  29  2:41  Probe  
  31  2:48  Robotics Facility  
  31  2:52  Probe  
  31  2:53  Probe  
  31  2:58  Stalker  
  35  3:04  Probe  
  36  3:08  Probe  
  36  3:09  Gateway  
  37  3:16  Gateway  
  37  3:17  Resonating Glaives (Chrono Boost)  
  37  3:22  Probe  
  38  3:29  Gateway  
  38  3:33  Adept  
  40  3:38  Warp Prism (Chrono Boost)  
  40  3:45  Pylon  
  40  3:47  Probe  
  43  3:49  Probe  
  43  3:53  Pylon  
  44  3:59  Probe  
  44  4:01  Probe  
  46  4:11  Probe  
  46  4:12  Adept x3  
  46  4:14  Pylon  
  54  4:17  Probe  
  54  4:22  Pylon  
  54  4:25  Pylon  
  55  4:33  Adept x3  
  55  4:34  Adept  
  55  4:35  Probe  
  55  4:36  Probe  
  62  4:47  Probe  
  62  4:49  Probe  
  62  4:56  Adept x4  
  62  4:59  Probe  
  57  5:02  Probe  
  57  5:03  Observer (Chrono Boost)  
  57  5:06  Assimilator  
  59  5:08  Assimilator  
  59  5:12  Probe  
  58  5:14  Probe  
  58  5:16  Adept  
  58  5:17  Adept  
  63  5:22  Pylon  
  63  5:24  Probe  
  63  5:26  Probe  
  65  5:36  Probe, Nexus  
  65  5:38  Probe  
  65  5:42  Robotics Bay  
  67  5:47  Forge  
  67  5:49  Adept  
  69  5:51  Pylon  
  69  5:52  Probe (Chrono Boost)  
  69  5:54  Probe (Chrono Boost)  
  71  6:03  Probe (Chrono Boost)  
  73  6:06  Probe (Chrono Boost)  
  73  6:07  Probe (Chrono Boost)  
  73  6:10  Stalker, Sentry  
  77  6:13  Shield Battery  
  77  6:15  Probe  
  77  6:18  Probe  
  79  6:25  Stalker, Sentry  
  83  6:26  Disruptor (Chrono Boost)  
  83  6:27  Probe  
  83  6:29  Gateway  
  83  6:32  Gateway  
  87  6:34  Probe  
  87  6:39  Pylon  
  88  6:43  Probe  
  88  6:46  Probe  
  90  6:48  Probe, Blink (Chrono Boost)  
  90  6:49  Protoss Ground Weapons Level 1 (Chrono Boost)  
  90  6:50  Assimilator  
  91  6:55  Probe, Assimilator  
  90  7:03  Sentry  
  90  7:04  Stalker x2  
  93  7:08  Probe  
  93  7:09  Gateway  
  93  7:11  Disruptor (Chrono Boost)  
  96  7:15  Stalker  
  96  7:19  Probe (Chrono Boost)  
  101  7:24  Probe (Chrono Boost)  
  101  7:25  Stalker  
  101  7:26  Probe (Chrono Boost)  
  104  7:30  Probe (Chrono Boost)  
  104  7:31  Gateway  
  104  7:33  Probe (Chrono Boost), Pylon  
  104  7:34  Probe (Chrono Boost), Stalker  
  108  7:39  Shield Battery  
  108  7:44  Disruptor (Chrono Boost)  
  108  7:46  Stalker x2  
  115  7:51  Observer  
  115  7:58  Stalker x3  
  119  8:10  Disruptor (Chrono Boost)  
  122  8:17  Probe  
  122  8:18  Nexus  
  122  8:19  Pylon  
  123  8:20  Stalker  
  123  8:24  Pylon  
  123  8:26  Probe  
  123  8:27  Pylon  
  125  8:28  Pylon  
  125  8:30  Pylon  
  122  8:36  Disruptor (Chrono Boost)  
  122  8:37  Probe (Chrono Boost)  
  122  8:38  Stalker x4  
  122  8:46  Probe (Chrono Boost)  
  122  8:50  Stalker x2  
  122  8:52  Probe (Chrono Boost)  
  128  8:57  Adept x2  
  131  9:12  Stalker  
  131  9:13  Stalker  
  134  9:18  Probe  
  134  9:23  Disruptor (Chrono Boost)  
  135  9:24  Protoss Ground Weapons Level 2 (Chrono Boost)  
  135  9:27  Photon Cannon  
  135  9:28  Photon Cannon  
  135  9:29  Probe  
  135  9:30  Templar Archives  
  139  9:32  Probe x2  
  139  9:33  Probe  
  139  9:37  Charge  
  142  9:39  Zealot  
  142  9:41  Zealot  
  146  9:47  Zealot x3  
  146  9:51  Probe x2  
  146  9:52  Probe x2  
  156  9:57  Psionic Storm  
  156  10:03  Probe x2  
  156  10:05  Probe  
  159  10:07  Probe  
  159  10:09  High Templar x2, Pylon  
  159  10:10  High Templar x2  
  164  10:25  Probe  
  164  10:26  Assimilator  
  164  10:28  Assimilator  
  163  10:29  Stalker x2  
  163  10:30  Stalker x2  
  163  10:32  Photon Cannon  
  169  10:41  Stalker  
  169  10:42  Stalker x2  
  167  10:43  Probe  
  164  10:56  High Templar x2, Zealot x3  
  170  10:57  Probe  
  170  11:02  Archon  
  168  11:13  Probe  
  168  11:18  Probe x3  
  154  11:22  High Templar x4  
  154  11:23  Zealot x2  
  166  11:27  Probe (Chrono Boost), Archon  
  166  11:28  Archon  
  166  11:30  Probe (Chrono Boost)  
  167  11:33  Photon Cannon, Stalker x2  
  167  11:35  Probe x2 (Chrono Boost)  
  172  11:41  Probe (Chrono Boost)  
  172  11:42  Probe (Chrono Boost)  
  172  11:44  Probe (Chrono Boost), Archon  
  172  11:46  Probe (Chrono Boost)  
  164  11:47  Probe (Chrono Boost), High Templar x2  
  171  11:54  Probe (Chrono Boost)  
  171  11:55  Probe (Chrono Boost)  
  171  11:57  Zealot x4  
  171  12:00  Probe (Chrono Boost)  
  180  12:03  Pylon  
  180  12:04  Pylon  
  180  12:07  Pylon  
  180  12:09  Pylon  
  157  12:30  Zealot x6  
  79  12:53  Archon  
  79  12:54  Zealot x6  
Show
View Real Time Build Order
Export as new Build Order

Serral Zerg - Winner!

Build Orders: Hatch First, Muta Ling Bane 

Get SALT Encoding   

  12  0:00  Drone  
  13  0:12  Overlord  
  13  0:17  Drone  
  14  0:30  Drone  
  14  0:31  Drone  
  16  0:44  Drone  
  17  0:52  Hatchery  
  17  0:55  Drone  
  17  0:58  Drone  
  18  1:09  Extractor  
  17  1:15  Spawning Pool  
  17  1:17  Drone  
  17  1:20  Drone  
  18  1:28  Drone  
  19  1:41  Drone  
  20  1:50  Overlord  
  20  2:01  Queen  
  20  2:05  Queen, Zergling x2  
  20  2:06  Zergling x2  
  26  2:11  Drone  
  26  2:12  Metabolic Boost  
  26  2:15  Drone  
  28  2:21  Drone  
  29  2:26  Drone  
  30  2:37  Queen  
  32  2:45  Hatchery  
  32  2:47  Drone  
  32  2:48  Drone  
  33  2:54  Overlord  
  33  2:57  Drone  
  34  2:59  Drone  
  34  3:02  Drone  
  35  3:08  Overlord  
  35  3:13  Drone x4  
  39  3:20  Queen  
  39  3:23  Drone x2  
  39  3:26  Drone  
  44  3:31  Queen  
  46  3:38  Roach Warren  
  46  3:40  Drone x2  
  47  3:42  Extractor  
  47  3:46  Drone x3  
  47  3:47  Drone  
  50  3:51  Overlord  
  50  3:54  Overlord  
  50  4:04  Overlord  
  50  4:05  Zergling x8  
  50  4:08  Drone  
  55  4:10  Zergling x2  
  56  4:18  Roach x2  
  56  4:19  Roach  
  56  4:20  Zergling x6  
  65  4:25  Zergling x4  
  67  4:32  Zergling x6  
  70  4:39  Ravager x3  
  65  4:54  Zergling x24  
  65  4:57  Spore Crawler  
  65  4:58  Spore Crawler x2  
  67  5:02  Zergling x4  
  67  5:06  Lair  
  69  5:09  Drone  
  69  5:10  Drone x2  
  72  5:15  Drone  
  72  5:17  Drone  
  74  5:22  Drone  
  74  5:25  Extractor  
  74  5:28  Drone x4  
  77  5:32  Drone x2  
  77  5:33  Drone x2  
  77  5:34  Overlord  
  81  5:47  Overlord  
  81  5:53  Evolution Chamber  
  81  5:54  Drone  
  81  5:55  Drone, Extractor, Roach x2  
  81  5:56  Queen  
  85  5:59  Overlord  
  85  6:02  Drone x2  
  85  6:03  Overlord x2  
  89  6:07  Drone x4  
  89  6:10  Drone x2  
  95  6:11  Drone  
  95  6:15  Overseer  
  95  6:16  Overlord  
  95  6:18  Drone x2  
  98  6:20  Drone  
  98  6:23  Zerg Missile Weapons Level 1  
  98  6:24  Extractor  
  98  6:25  Extractor  
  97  6:28  Glial Reconstitution  
  97  6:29  Overseer, Baneling Nest  
  97  6:31  Drone x2  
  100  6:34  Queen  
  100  6:37  Roach x2  
  100  6:39  Roach  
  107  6:42  Roach  
  107  6:46  Overlord  
  107  6:49  Roach  
  107  6:51  Extractor  
  107  6:52  Extractor  
  106  6:58  Drone x5  
  106  6:59  Drone  
  109  7:02  Roach x2  
  113  7:10  Overlord  
  113  7:11  Overlord  
  113  7:15  Centrifical Hooks, Overlord  
  113  7:17  Roach x5  
  123  7:23  Hatchery  
  123  7:26  Overseer  
  123  7:28  Drone  
  123  7:31  Evolution Chamber  
  123  7:32  Spire  
  121  7:38  Zergling x14  
  128  7:50  Drone x7  
  128  7:51  Drone  
  136  7:56  Zergling x4  
  138  8:03  Zergling x2  
  139  8:06  Zerg Melee Weapons Level 1  
  139  8:08  Baneling  
  139  8:09  Baneling x4, Zergling x2  
  139  8:10  Zergling x2  
  141  8:15  Baneling x7  
  141  8:16  Zergling x2, Ravager x3  
  141  8:17  Zergling x12  
  151  8:21  Zerg Ground Armor Level 1  
  151  8:24  Zergling x8  
  155  8:29  Zergling x2  
  155  8:34  Queen  
  155  8:35  Drone x3  
  155  8:41  Zergling x2  
  159  8:44  Zergling x12  
  159  8:45  Baneling x10  
  159  8:48  Drone x3  
  168  8:51  Extractor  
  168  8:53  Drone  
  167  8:58  Overlord  
  167  9:01  Drone  
  167  9:02  Spore Crawler  
  166  9:04  Drone, Zerg Flyer Weapons Level 1  
  166  9:06  Infestation Pit  
  166  9:11  Zergling x4  
  163  9:18  Overlord  
  163  9:20  Mutalisk  
  163  9:21  Mutalisk x5  
  163  9:24  Hatchery, Overlord x4  
  175  9:28  Overseer  
  174  9:39  Extractor  
  174  9:40  Drone x2  
  174  9:43  Drone, Mutalisk  
  174  9:44  Drone x2, Mutalisk x5  
  190  9:45  Zergling x2  
  190  9:46  Zergling x4  
  190  9:49  Zergling x8  
  190  9:50  Zergling x2  
  198  9:54  Baneling x5  
  198  9:55  Baneling x3  
  198  9:57  Drone  
  198  9:58  Spine Crawler  
  198  10:01  Zergling x4  
  199  10:08  Baneling x8  
  199  10:09  Baneling x3  
  199  10:15  Zerg Melee Weapons Level 2  
  197  10:21  Baneling  
  197  10:22  Baneling x4  
  197  10:32  Hive  
  196  10:36  Zergling x6  
  199  10:43  Baneling  
  199  10:44  Baneling x12  
  199  10:45  Baneling  
  193  10:53  Drone x3  
  193  10:54  Drone  
  193  10:56  Zergling x12  
  199  11:08  Zergling x2  
  193  11:20  Zergling x14  
  200  11:30  Spore Crawler  
  196  11:36  Drone x2  
  196  11:46  Zergling x10  
  196  11:47  Zergling x4  
  200  11:58  Pneumatized Carapace  
  200  12:01  Baneling x22  
  200  12:02  Hatchery, Ultralisk Cavern  
  200  12:06  Spine Crawler x2  
  200  12:07  Spine Crawler  
  195  12:13  Baneling x11  
  180  12:23  Zergling x2  
  180  12:24  Zergling x28  
  180  12:25  Zergling x12  
  192  12:31  Zergling x20  
  197  12:38  Overlord x2  
Tags
 
Add a new tag
Caveats
  • Supply blocks, unpowered buildings, or Contaminate may cause inaccurate times.
  • Supply counts are checked every 10 seconds.